 Dungeon Crawl Stone Soup version 0.30.1-11-g7821555f0a (webtiles) character file.

Game seed: 4716698511865212643

11393 lonewolfV2 the Fighter (level 11, -26/102 HPs)
             Began as a Minotaur Fighter on Nov 14, 2023.
             Was a Priest of Qazlal.
             Annihilated by an enormous slime creature (71 damage)
             ... on level 10 of the Dungeon.
             The game lasted 00:13:43 (10622 turns).

lonewolfV2 the Fighter (Minotaur Fighter)          Turns: 10622, Time: 00:13:44

Health: -26/102    AC: 17    Str: 23    XL:     11   Next: 48%
Magic:  18/18      EV:  6    Int:  5    God:    Qazlal [***...]
Gold:   623        SH: 17    Dex: 24    Spells: 10/10 levels left

rFire   . . .        a - +2 war axe (heavy)
rCold   . . .        c - +0 buckler
rNeg    . . .        K - +0 plate armour
rPois   .            (helmet restricted)
rElec   .            C - +0 cloak
rCorr   .            A - +1 pair of gloves
SInv    .            (no boots)
Will    .....        q - amulet of reflection Stlth
                     b - +6 ring of dexterity
HPRegen 0.37/turn    o - +6 ring of dexterity
MPRegen 0.16/turn

%: reflection
@: no status effects
A: horns 2, retaliatory headbutt
a: Renounce Religion, Upheaval, Elemental Force


You were on level 10 of the Dungeon.
You worshipped Qazlal.
Qazlal was most pleased with you.
You visited 1 branch of the dungeon, and saw 10 of its levels.

You collected 772 gold pieces.
You spent 149 gold pieces at shops.

Inventory:

Hand Weapons
 a - a +2 heavy war axe (weapon)
 s - the +1 falchion "Ulics" {freeze, rC+ SInv Stlth+}
   (You found it on level 4 of the Dungeon)

   rC:        It protects you from cold.
   SInv:      It lets you see invisible.
   Stlth:     It makes you more stealthy.
Missiles
 m - 2 throwing nets (quivered)
Armour
 c - a +0 buckler (worn)
 A - a +1 pair of gloves (worn)
 C - a +0 cloak (worn)
 K - a +0 plate armour (worn)
Jewellery
 b - a +6 ring of dexterity (left hand)
 i - an amulet of magic regeneration
 o - a +6 ring of dexterity (right hand)
 q - an amulet of reflection (around neck)
 t - an amulet of the acrobat
 F - an amulet of faith
 J - an amulet of regeneration
Wands
 d - a wand of polymorph (12)
 j - a wand of paralysis (9)
 n - a wand of iceblast (9)
 y - a wand of flame (22)
Scrolls
 u - 4 scrolls of blinking
 x - 2 scrolls of magic mapping
 z - 5 scrolls of teleportation
Potions
 e - 3 potions of haste
 f - 2 potions of heal wounds
 g - 3 potions of ambrosia
 h - 2 potions of lignification
 k - a potion of invisibility
 p - 6 potions of curing
 r - a potion of flight {unknown}
 v - 2 potions of mutation
 w - a potion of degeneration
 B - a potion of attraction
 D - a potion of resistance {unknown}
 E - 2 potions of brilliance {unknown}
 H - a potion of berserk rage {unknown}


   Skills:
 * Level 11.1 Fighting
 - Level 10.0 Axes
 - Level 8.2 Armour
 - Level 8.3 Shields
 + Level 10.9 Invocations


You had 10 spell levels left.
You didn't know any spells.
Your spell library contained the following spells:

 Spells                   Type           Power      Damage    Failure   Level
 Apportation              Tloc           0%         N/A       100%        1
 Sting                    Tmut/Pois      0%         1d3       100%        1
 Poisonous Vapours        Pois/Air       0%         N/A       100%        2
 Ozocubu's Armour         Ice            0%         N/A       100%        3
 Summon Guardian Golem    Hex/Summ       0%         N/A       100%        3
 Olgreb's Toxic Radiance  Pois           0%         N/A       100%        4
 Orb of Destruction       Conj           0%         9d5       100%        7
 Ozocubu's Refrigeration  Ice            0%         4d7       100%        7
 Spellforged Servitor     Conj/Summ      0%         N/A       100%        7


Dungeon Overview and Level Annotations

Branches:
Dungeon (10/15)            Temple (0/1) D:4            Lair (0/5) D:10
    Orc: D:9-12

Altars:
Ashenzari
Dithmenos
Gozag
Hepliaklqana
Kikubaaqudgha
Makhleb
Nemelex Xobeh
Qazlal
Sif Muna
Vehumet
Xom
Yredelemnul
The Shining One
Jiyva

Shops:
D:5 [   D:8 [

Annotations:
D:10 monsoonserge's ghost, journeyman SpHu


Innate Abilities, Weirdness & Mutations

You have a pair of horns on your head.
You reflexively headbutt those who attack you in melee.


Message History

The large slime creature barely misses you.
You furiously retaliate!
You headbutt the large slime creature. You slash the large slime creature!
The large slime creature is lightly wounded.
You block the large slime creature's attack.
You slice the large slime creature!!
The large slime creature is moderately wounded.
You block the large slime creature's attack.
Two slime creatures merge to form an enormous slime creature.
You chop the enormous slime creature into pieces!!!
You headbutt the enormous slime creature!
The enormous slime creature is moderately wounded.
You block the enormous slime creature's attack.
You slash the enormous slime creature!
The enormous slime creature is moderately wounded.
The enormous slime creature hits you.
You block the enormous slime creature's attack.
You hit the enormous slime creature.
You headbutt the enormous slime creature!
The enormous slime creature is heavily wounded.
You block the enormous slime creature's attack.
You slice the enormous slime creature!!
You headbutt the enormous slime creature!
The enormous slime creature is heavily wounded.
The enormous slime creature hits you!!!
You block the enormous slime creature's attack.
You slice the enormous slime creature like a ripe choko!!!
The enormous slime creature is severely wounded.
You block the enormous slime creature's attack.
The jelly jiggles.
You slash the enormous slime creature!
Your headbutt misses the enormous slime creature.
The enormous slime creature is severely wounded.
The enormous slime creature hits you!
You block the enormous slime creature's attack.
You slice the enormous slime creature!!
The enormous slime creature is almost dead.
The enormous slime creature hits you!!!
Ouch! That really hurt!
You die...

.............#.../...#
...........###.......#
..)?.......# #.....###
.....#####.# ##'''##.#
.....# #.# #.....#.#
.....# #.# #.....#.#
####.# #.# ##WJ###.#
#.#####.# #J## #.#
#.......#####@####.#
#.#####............#
#.# #.##########.# #.#
#.# #.# #.# #.# #.#
####.# #.# #.#
.....#####.##########.#
...<..................#
.....#####.##########.#


You could see an enormous slime creature, a jelly and monsoonserge's ghost.

Vanquished Creatures
  3 two-headed ogres
  Sonja (D:10)
  Pikel (D:6)
  Sigmund (D:6)
  4 wyverns
  2 wraiths (D:10)
  5 yaks (D:9)
  5 steam dragons
  The ghost of Vivialdi the Chopper, an amateur OpBe of Trog (D:3)
  Edmund (D:5)
  An acid dragon (D:9)
  Duvessa (D:7)
  6 water moccasins
  2 orc warriors
  2 ice beasts
  2 sky beasts (D:7)
  3 black bears (D:10)
  4 ogres
  6 centaurs
  3 wolves (D:10)
  A lemure (D:6)
  2 kobold brigands (D:7)
  7 bullfrogs
  5 scorpions (D:5)
  4 wights
  Dowan (D:7)
  15 killer bees
  A howler monkey (D:10)
  2 jellies
  2 orc priests
  9 hounds
  6 iguanas
  7 orc wizards
  Robin (D:3)
  14 gnolls
  12 adders
  3 shadow imps (D:5)
  A white imp (D:6)
  2 ufetubi
  A worm (D:4)
  2 dart slugs
  27 orcs
  13 ball pythons
  4 endoplasms
  2 giant cockroaches
  16 goblins
  10 hobgoblins
  2 jackals (D:3)
  12 kobolds
  6 quokkas
  8 bats
  A frilled lizard (D:3)
  11 rats
264 creatures vanquished.

Vanquished Creatures (others)
  A deep elf pyromancer (D:9)
  An orc (D:7)
2 creatures vanquished.

Grand Total: 266 creatures vanquished

Notes
Turn   | Place    | Note
-------+----------+-------------------------------------------
     0 | D:1      | lonewolfV2 the Minotaur Fighter began the quest for the
                  | Orb.
     0 | D:1      | Reached XP level 1. HP: 19/19 MP: 0/0
    45 | D:1      | Reached skill level 4 in Fighting
    84 | D:1      | Reached XP level 2. HP: 23/28 MP: 1/1
   163 | D:1      | Reached skill level 5 in Fighting
   354 | D:1      | Reached XP level 3. HP: 36/36 MP: 2/2
   960 | D:2      | Reached skill level 6 in Fighting
   960 | D:2      | Reached XP level 4. HP: 22/44 MP: 3/3
  1456 | D:3      | Identified the +3 robe of Wisdom {Will+++ Int+3 Dex-2}
  1466 | D:3      | Noticed Robin
  1477 | D:3      | Killed Robin
  1659 | D:3      | Found a runed translucent door.
  1712 | D:3      | Reached skill level 7 in Fighting
  1712 | D:3      | Reached XP level 5. HP: 48/52 MP: 4/4
  2156 | D:3      | Noticed Vivialdi's ghost (amateur OpBe)
  2223 | D:3      | Killed Vivialdi's ghost
  2224 | D:3      | Reached skill level 8 in Fighting
  2224 | D:3      | Reached XP level 6. HP: 27/62 MP: 5/5
  2628 | D:4      | Reached skill level 5 in Armour
  2704 | D:4      | Found a sparkling altar of Nemelex Xobeh.
  2749 | D:4      | Found a stormy altar of Qazlal.
  2754 | D:4      | Found an opulent altar of Gozag.
  2754 | D:4      | Found a shadowy altar of Dithmenos.
  2754 | D:4      | Found a hazy altar of Hepliaklqana.
  2754 | D:4      | Found a glowing golden altar of the Shining One.
  2777 | D:4      | Became a worshipper of Qazlal Stormbringer
  2902 | D:4      | Identified the +1 falchion "Ulics" {freeze, rC+ SInv
                  | Stlth+}
  3029 | D:4      | Reached XP level 7. HP: 65/69 MP: 6/6
  3464 | D:4      | Found a staircase to the Ecumenical Temple.
  3498 | D:5      | Entered Level 5 of the Dungeon
  3498 | D:5      | Noticed Edmund
  3504 | D:5      | Reached skill level 1 in Invocations
  3511 | D:5      | Killed Edmund
  3879 | D:5      | Reached XP level 8. HP: 61/75 MP: 10/10
  3993 | D:5      | Reached skill level 5 in Invocations
  4251 | D:5      | Reached * piety under Qazlal
  4610 | D:5      | Found Akynu's Armour Boutique.
  4628 | D:5      | Bought a +1 pair of gloves for 149 gold pieces
  5173 | D:6      | Reached XP level 9. HP: 82/82 MP: 13/13
  5246 | D:6      | Reached skill level 5 in Shields
  5395 | D:6      | Noticed Sigmund
  5403 | D:6      | Killed Sigmund
  5508 | D:6      | Noticed Pikel
  5521 | D:6      | Killed Pikel
  5998 | D:7      | Found a shimmering altar of Xom.
  6054 | D:7      | Reached ** piety under Qazlal
  6185 | D:7      | Noticed Dowan
  6189 | D:7      | Noticed Duvessa
  6193 | D:7      | Killed Dowan
  6207 | D:7      | Killed Duvessa
  6477 | D:7      | Reached XP level 10. HP: 89/90 MP: 15/15
  6717 | D:7      | Reached skill level 5 in Axes
  6834 | D:8      | Reached *** piety under Qazlal
  6971 | D:8      | Found Hemad's Armour Emporium.
  7186 | D:8      | Noticed a two-headed ogre
  7199 | D:8      | Killed a two-headed ogre
  7663 | D:8      | Found a broken altar of Ashenzari.
  7663 | D:8      | Found a basalt altar of Yredelemnul.
  8305 | D:9      | Noticed a two-headed ogre
  8323 | D:9      | Killed a two-headed ogre
  8324 | D:9      | Reached skill level 10 in Invocations
  8664 | D:9      | Reached skill level 10 in Axes
  8664 | D:9      | Reached XP level 11. HP: 90/95 MP: 17/17
  9043 | D:9      | Noticed a deep elf pyromancer
  9049 | D:9      | Killed a deep elf pyromancer
  9050 | D:9      | Reached skill level 9 in Fighting
  9058 | D:9      | Noticed a two-headed ogre
  9064 | D:9      | Killed a two-headed ogre
  9219 | D:9      | Found a burning altar of Makhleb.
  9488 | D:10     | Entered Level 10 of the Dungeon
  9488 | D:10     | Found an ancient bone altar of Kikubaaqudgha.
  9624 | D:10     | Noticed Sonja
  9644 | D:10     | Reached skill level 10 in Fighting
  9645 | D:10     | Killed Sonja
  9893 | D:10     | Reached skill level 11 in Fighting
 10102 | D:10     | Found a radiant altar of Vehumet.
 10107 | D:10     | Found a shimmering blue altar of Sif Muna.
 10112 | D:10     | Got Sif Muna's Excursus on the Geodesic
 10167 | D:10     | Found a runed translucent gate.
 10168 | D:10     | Found a runed translucent gate.
 10168 | D:10     | Found a runed translucent gate.
 10303 | D:10     | Noticed monsoonserge's ghost (journeyman SpHu)
 10342 | D:10     | Found a staircase to the Lair.
 10604 | D:10     | Found a viscous altar of Jiyva.
 10622 | D:10     | Annihilated by an enormous slime creature

Illustrated notes

Levels and vault maps discovered:
D:1:      amcnicky_arrival_blooded_trapdoor, layout_loops_ring
D:2:      layout_rooms, glass_columns_a, amethyst_killhole,
          minmay_misc_feat_tower
D:3:      layout_basic, ebering_ghost_sewer_d, uniq_robin
D:4:      cheibrodos_helix_gallery, layout_basic,
          nicolae_overflow_crystal_walls, grunt_temple_overflow_open,
          minmay_temple_entry_poolview
D:5:      minmay_thinvault, layout_gridville, serial_shops, shop,
          hangedman_abyss_or_decor_passed, hangedman_decor_clover_reticule,
          kennysheep_opposing_triangles, uniq_edmund
D:6:      layout_loops_cross, uniq_sigmund, uniq_pikel
D:7:      layout_cave_pods, mainiacjoe_overflow_brackets, grunt_tough_drop,
          uniq_duvessa
D:8:      layout_loops_cross, jmf_multi_god_temple, serial_shops, shop,
          kennysheep_donut
D:9:      layout_basic, mainiacjoe_overflow_tiny_flanked
D:10:     layout_small_grid, grunt_temple_overflow_magic_moments,
          minmay_lair_entry_grove, gammafunk_ghost_ooze, minmay_orc_keep,
          uniq_sonja

Skill      XL: |  1  2  3  4  5  6  7  8  9 10 11 |
---------------+----------------------------------+-----
Fighting       | 4 5 6 7 8 11 | 11.1
Armour         | 5 6 8 |  8.2
Invocations    | 4 7 8 10 | 10.9
Shields        | 4 8 |  8.3
Axes           | 4 10 | 10.0

Action                     |  1- 3 |  4- 6 |  7- 9 | 10-12 || total
---------------------------+-------+-------+-------+-------++-------
  Melee: War axe           |    71 |   117 |   263 |   159 ||   610
         Headbutt          |     5 |    20 |    59 |    35 ||   119
 Invoke: Upheaval          |       |       |       |     1 ||     1
    Use: Scroll            |     1 |     8 |     4 |    11 ||    24
         Potion            |     1 |       |       |     2 ||     3
 Armour: Scale mail        |    35 |    18 |       |       ||    53
         Chain mail        |       |    43 |   136 |    70 ||   249
  Dodge: Dodged            |    46 |    37 |    88 |    65 ||   236
  Block: Buckler           |    23 |    52 |   252 |   200 ||   527
         Reflection        |       |     3 |     4 |    16 ||    23
